 Dungeon Crawl Stone Soup version 0.30-a0-605-gb2882149bf (webtiles) character file.

Game seed: 1667229318283538869

1094 oldriver the Fighter (level 8, 0/68 HPs)
             Began as a Formicid Wanderer on Jan 7, 2023.
             Slain by a gnoll
             ... wielding a +0 flail
             ... led by a gnoll bouda
              (15 damage)
             ... on level 6 of the Dungeon.
             The game lasted 00:09:22 (5756 turns).

oldriver the Fighter (Formicid Wanderer)            Turns: 5756, Time: 00:09:22

Health: 0/68       AC: 13    Str: 18    XL:     8   Next: 57%
Magic:  0/9        EV: 10    Int: 11    God:
Gold:   328        SH:  5    Dex: 15    Spells: 8/9 levels left

rFire   . . .      SeeInvis +    b - +1 mace (protect)
rCold   . . .      Faith    .    d - +0 buckler
rNeg    . . .      Spirit   +    k - +0 ring mail
rPois   .          Reflect  .    (helmet unavailable)
rElec   .          Harm     .    (no cloak)
rCorr   .          Rampage  .    (no gloves)
Will    .....                    t - +0 pair of boots
Stlth   +++                      p - amulet of guardian spirit
HPRegen 0.31/turn                (no ring)
MPRegen 0.11/turn                (no ring)

@: under a protective aura, studying Transmutations
A: permanent stasis, dig shafts and tunnels, antennae 3, four strong arms
a: Dig, Shaft Self


You were on level 6 of the Dungeon.
You visited 2 branches of the dungeon, and saw 7 of its levels.

You collected 328 gold pieces.

Inventory:

Hand Weapons
 a - a +0 heavy sling
 b - a +1 mace of protection (weapon)
Missiles
 g - an atropa-tipped dart
 q - 8 poisoned darts
 s - 26 stones (quivered)
Armour
 d - a +0 buckler (worn)
 k - a +0 ring mail (worn)
 t - a +0 pair of boots (worn)
Jewellery
 p - an amulet of guardian spirit (around neck)
 v - a ring of ice
Wands
 l - a wand of paralysis (6)
 u - a wand of flame (6)
Scrolls
 e - a scroll of fog
 f - 2 scrolls of identify
 h - a scroll of teleportation
 n - 2 scrolls of vulnerability
Potions
 i - 4 potions of curing
 j - a potion of resistance
 o - a potion of cancellation
 r - 2 potions of berserk rage
 w - a potion of flight
 x - a potion of might


   Skills:
 - Level 8.0 Fighting
 * Level 1.7 Ranged Weapons
 - Level 2.0 Throwing
 - Level 3.0 Armour
 - Level 1.0 Dodging
 - Level 6.0 Stealth
 + Level 4.9 Shields
 - Level 1.1 Spellcasting
 - Level 1.2 Hexes


You had 8 spell levels left.
You knew the following spells:

 Your Spells              Type           Power      Damage    Failure   Level
a - Slow                  Hex            12%        N/A       38%         1

Your spell library contained the following spells:

 Spells                   Type           Power      Damage    Failure   Level
 Momentum Strike          Conj/Tloc      0%         3d8       71%         2
 Dazzling Flash           Conj/Hex       2%         N/A       85%         3
 Gell's Gravitas          Tloc           0%         N/A       90%         3
 Lesser Beckoning         Tloc           0%         N/A       90%         3
 Teleport Other           Tloc           0%         N/A       90%         3
 Blink                    Tloc           Unusable   N/A       N/A         2

Dungeon Overview and Level Annotations

Branches:
Dungeon (6/15)             Temple (1/1) D:5

Altars:
Ashenzari
Makhleb
Qazlal
Trog
Vehumet
Wu Jian
Yredelemnul
The Shining One


Innate Abilities, Weirdness & Mutations

You cannot be hasted, slowed, berserked, paralysed or teleported.
You can dig through walls and to a lower floor.
You have a pair of large antennae on your head. (SInv)
Your four strong arms can wield two-handed weapons with a shield.


Message History

You catch the helpless gnoll completely off-guard!
You hit the gnoll.
The gnoll is moderately wounded.
The gnoll is no longer moving quickly.
The gnoll closely misses you. x3
The gnoll barely misses you.
You strike the helpless gnoll from behind!
You hit the gnoll but do no damage.
The gnoll is moderately wounded.
The gnoll is no longer blind.
The gnoll hits you with a +0 flail.
* * * LOW HITPOINT WARNING * * *
The gnoll hits you with a +0 flail.
* * * LOW HITPOINT WARNING * * *
The gnoll hits you but does no damage.
You feel much better.
The gnoll is no longer moving quickly.
The gnoll barely misses you. You block the gnoll's attack.
The gnoll hits you with a +0 flail!
* * * LOW HITPOINT WARNING * * *
You feel better.
The gnoll shouts!
The gnoll hits you with a +0 flail!
* * * LOW HITPOINT WARNING * * *
You block the gnoll's attack.
You feel better. The gnoll hits you but does no damage.
The gnoll closely misses you. The gnoll barely misses you.
You barely miss the gnoll.
The gnoll is moderately wounded.
You block the gnoll's attack. The gnoll misses you.
The gnoll closely misses you.
You sock the gnoll!
Your weapon exudes an aura of protection.
You kill the gnoll!
You block the gnoll's attack. The gnoll hits you with a +0 flail.
* * * LOW HITPOINT WARNING * * *
Aiming: Paralyse
Press: ? - help, Shift-Dir - straight line, f - gnoll
Aim: a gnoll, wielding a +0 spear (chance to affect: 57%)
The gnoll resists with significant effort.
The gnoll barely misses you. You block the gnoll's attack.
The gnoll hits you with a +0 flail!
You die...

.....# ##..............#.....##
.♣...###......).........##..###
......#.................#.###
..........~~~~.............##
.......g.⌠~~~~..............#
..........~~~~.............##
.....<...............#...###
..............g))g...#..##
..........######@#####...#
..........## ### #...#
...#.......# ##### ...#.#.....#
..#..#......# ..#.........#
..#.......## ..###.##..# .<##
## .##


You could see a gnoll and a neutral gnoll (fast, strong, insane).

Vanquished Creatures
  Sigmund (D:2)
  A black bear (D:5)
  A kobold brigand (D:3)
  A bullfrog (D:6)
  A scorpion (D:5)
  2 jellies (D:6)
  3 hounds
  3 orc priests
  Terence (D:2)
  3 iguanas
  An orc wizard (D:5)
  9 gnolls
  5 adders
  A worm (D:3)
  2 dart slugs
  10 orcs
  3 bats
  3 endoplasms
  3 giant cockroaches (D:1)
  9 goblins
  11 hobgoblins
  8 jackals
  18 kobolds
  5 quokkas
  4 ball pythons
  5 frilled lizards
  2 rats
116 creatures vanquished.

Vanquished Creatures (collateral kills)
  A gnoll bouda (D:6)
  2 gnolls
3 creatures vanquished.

Vanquished Creatures (others)
  A gnoll (D:5)
1 creature vanquished.

Grand Total: 120 creatures vanquished

Notes
Turn   | Place    | Note
-------+----------+-------------------------------------------
     0 | D:1      | oldriver the Formicid Wanderer began the quest for the Orb.
     0 | D:1      | oldriver set off with the following items: a +0 dagger, 2
                  | atropa-tipped darts, 2 datura-tipped darts, a +0 buckler, a
                  | scroll of fog, a +0 leather armour; and the following spell
                  | memorised: Slow; and the following spells available to
                  | memorise: Dazzling Flash.
     0 | D:1      | Reached XP level 1. HP: 15/15 MP: 2/2
   102 | D:1      | Reached skill level 5 in Stealth
   102 | D:1      | Reached XP level 2. HP: 18/22 MP: 3/3
   105 | D:1      | Reached skill level 2 in Fighting
   356 | D:1      | Reached XP level 3. HP: 28/28 MP: 4/4
   483 | D:1      | Reached skill level 3 in Fighting
   770 | D:1      | Reached XP level 4. HP: 35/35 MP: 5/5
  1006 | D:2      | Noticed Sigmund
  1021 | D:2      | Killed Sigmund
  1022 | D:2      | Reached skill level 5 in Fighting
  1022 | D:2      | Reached XP level 5. HP: 24/44 MP: 6/6
  1022 | D:2      | Reached XP level 6. HP: 28/51 MP: 7/7
  1364 | D:2      | Noticed Terence
  1385 | D:2      | Killed Terence
  2232 | D:3      | Reached skill level 6 in Fighting
  2777 | D:4      | Reached XP level 7. HP: 44/58 MP: 5/8
  2932 | D:4      | Found a basalt altar of Yredelemnul.
  4440 | D:5      | Entered Level 5 of the Dungeon
  4487 | D:5      | Found a staircase to the Ecumenical Temple.
  4494 | Temple   | Entered the Ecumenical Temple
  4694 | D:5      | Reached skill level 7 in Fighting
  4790 | D:5      | Found a stormy altar of Qazlal.
  4941 | D:5      | Reached skill level 1 in Throwing
  4989 | D:5      | Reached XP level 8. HP: 67/67 MP: 9/9
  5670 | D:6      | Reached skill level 1 in Ranged Weapons
  5745 | D:6      | Reached skill level 8 in Fighting
  5750 | D:6      | HP: 3/68 [gnoll/+0 flail[a gnoll bouda] (3)]
  5756 | D:6      | Slain by a gnoll

Illustrated notes

Levels and vault maps discovered:
D:1:      heliophobic_arrival_ceremonial_halls, layout_loops_ring
D:2:      layout_loops_cross, uniq_terence, uniq_sigmund
D:3:      layout_basic, serial_rivers, chequers_serial_rivers_micro_a,
          chequers_serial_rivers_room_a, chequers_serial_rivers_micro_b,
          chequers_serial_rivers_small_a
D:4:      cheibrodos_thug_alley, layout_loops_ring, mainiacjoe_overflow_alcove_1
D:5:      layout_gridville, grunt_qazlal_clouds, minmay_temple_entry_offerings,
          minivault_5
D:6:      layout_cave_pools, serial_park, serial_park_square3
          [serial_park_minivault_5x5_2], serial_park_tiny_2,
          serial_park_tiny_pond, serial_park_avenue1, serial_park_tiny_pond,
          uniq_pikel
Temple:   nicolae_temple_bog_church

Skill      XL: |  1  2  3  4  5  6  7  8 |
---------------+-------------------------+-----
Stealth        | 5 6 |  6.0
Fighting       | 2 3 5 6 7 8 |  8.0
Shields        | 2 3 4 |  4.9
Armour         | 3 |  3.0
Throwing       | 1 2 |  2.0
Ranged Weapons | 1 |  1.7
Dodging        | |  1.0
Spellcasting   | |  1.1
Hexes          | |  1.2

Action                   |  1- 3 |  4- 6 |  7- 9 || total
-------------------------+-------+-------+-------++-------
Melee: Dagger            |    13 |     2 |       ||    15
       Mace              |    94 |   143 |   201 ||   438
 Fire: Sling             |       |       |    12 ||    12
Throw: Stone             |       |       |    18 ||    18
       Dart              |       |       |     9 ||     9
Evoke: Wand              |       |     1 |     1 ||     2
  Use: Potion            |       |     4 |     3 ||     7
       Scroll            |       |       |    11 ||    11
 Stab: Sleeping          |     7 |     6 |     4 ||    17
       Invisible         |       |       |     3 ||     3
Armor: Leather armour    |    39 |     1 |       ||    40
       Ring mail         |       |    51 |   165 ||   216
Dodge: Dodged            |    65 |   100 |   165 ||   330
Block: Buckler           |    25 |    30 |    74 ||   129

Table legend: (Time is in decaauts)
 A = Elapsed time spent in this place.
 B = Non-inter-level travel time spent in this place.
 C = Inter-level travel time spent in this place.
 D = Time resting spent in this place.
 E = Time spent auto-exploring this place.
 F = Levels seen in this place.
 G = Mean time per level.
                   A        B        C        D        E       F      G
               +--------+--------+--------+--------+--------+-----+--------+
         Total |   5972 |   5622 |    350 |    609 |   3590 |   7 |  853.1 |
       Dungeon |   5806 |   5466 |    340 |    609 |   3443 |   6 |  967.7 |
        Temple |    165 |    155 |     10 |      0 |    147 |   1 |  165.0 |
               +--------+--------+--------+--------+--------+-----+--------+

Top non-repeatable levels by time:
     D:3: 1549 daAuts
     D:1: 1110 daAuts
     D:4: 1089 daAuts
     D:5: 1032 daAuts
     D:2: 861 daAuts
  Temple: 165 daAuts
     D:6: 164 daAuts
